 Dungeon Crawl Stone Soup version 0.20.1-1-g8b1a95d (webtiles) character file.

254 homeworkjunkie the Chopper (level 6, -5/52 HPs)
             Began as a Hill Orc Fighter on Nov 7, 2017.
             Killed from afar by Pikel (15 damage)
             ... with a wand of lightning (?/15)
             ... on level 4 of the Dungeon.
             The game lasted 00:02:10 (1165 turns).

homeworkjunkie the Chopper (Hill Orc Fighter)       Turns: 1165, Time: 00:02:11

Health: -5/52      AC:  7    Str: 21    XL:     6   Next: 15%
Magic:  6/6        EV:  7    Int:  8    God:
Gold:   7          SH:  9    Dex: 10    Spells: 5/5 levels left

rFire    + . .     SeeInvis .   a - +0 war axe
rCold    . . .     Gourm    .   c - +0 shield
rNeg     . . .     Faith    .   b - +0 scale mail
rPois    .         Spirit   .   (no helmet)
rElec    .         Reflect  .   (no cloak)
rCorr    .         Harm     .   (no gloves)
MR       .....                  (no boots)
Stlth    +.........             (no amulet)
Regen    0.2/turn               h - ring of protection from fire
MPRegen  0.1/turn               e - ring of stealth

@: no status effects
A: no striking features
a: no special abilities


You were on level 4 of the Dungeon.
You were full.

You visited 1 branch of the dungeon, and saw 4 of its levels.

You collected 7 gold pieces.

Inventory:

Hand Weapons
 a - a +0 war axe (weapon)
Armour
 b - a +0 scale mail (worn)
 c - a +0 shield (worn)
Jewellery
 e - a ring of stealth (right hand)
 h - a ring of protection from fire (left hand)
Scrolls
 d - a scroll of identify {unknown}
Comestibles
 f - 3 bread rations
 g - a meat ration


   Skills:
 * Level 4.3 Fighting
 * Level 5.9 Axes
 * Level 4.3 Armour
 + Level 0.5 Dodging
 * Level 4.3 Shields


You had 5 spell levels left.
You didn't know any spells.

Dungeon Overview and Level Annotations

Branches:
Dungeon (4/15)
 Temple: D:4-7

Altars:
Trog

Annotations:
D:4 Pikel


Message History

Pikel is moderately wounded.
Pikel hits you with a whip of flaming!
* * * LOW HITPOINT WARNING * * *
You hit Pikel.
Pikel is moderately wounded.
Pikel hits you but does no damage. You block Pikel's attack.
You hit Pikel.
Pikel is moderately wounded.
You block Pikel's attack.
You slash Pikel!
Pikel is heavily wounded.
Pikel hits you but does no damage.
You barely miss Pikel.
Pikel is heavily wounded.
You block Pikel's attack.
You hit Pikel.
Pikel is severely wounded.
You hear the rusting of a very distant drain.
Pikel zaps a wand.
The bolt of lightning hits you!
You die...

#....#.#########
#.##.#.##.......
#.##.#.##.#...#.
#.##.#.##.#.....
#.##.#.##.#.....
#.##.#.......... #.##.#
#..#.... .#.#l#####.##.#
#.......
....pppK@..##.####.##.#.†
.#..p########............
... ######.##.### #
#.##.# #.##.# #.##.#
#.##.# #.. ##


You could see Pikel, 4 slaves and a frilled lizard.

Vanquished Creatures
  Menkaure (D:4)
  An ogre (D:4)
  A hound skeleton (D:4)
  2 adders
  A worm (D:4)
  3 dart slugs
  2 giant cockroaches
  A goblin (D:3)
  4 hobgoblins
  2 jackals (D:3)
  A ball python (D:3)
  2 bats
  A frilled lizard (D:2)
  2 rats
24 creatures vanquished.

Notes
Turn   | Place    | Note
-------+----------+-------------------------------------------
     0 | D:1      | homeworkjunkie the Hill Orc Fighter began the quest for the Orb.
     0 | D:1      | Reached XP level 1. HP: 19/19 MP: 1/1
   253 | D:2      | Found a bloodstained altar of Trog.
   273 | D:2      | Reached XP level 2. HP: 15/27 MP: 2/2
   417 | D:2      | Reached skill level 3 in Axes
   547 | D:3      | Reached XP level 3. HP: 19/33 MP: 3/3
   827 | D:4      | Noticed Menkaure
   836 | D:4      | Killed Menkaure
   836 | D:4      | Reached skill level 5 in Axes
   836 | D:4      | Reached XP level 4. HP: 12/40 MP: 4/4
   836 | D:4      | Reached XP level 5. HP: 14/46 MP: 5/5
   917 | D:4      | Noticed an ogre
   935 | D:4      | Killed an ogre
   935 | D:4      | Reached XP level 6. HP: 33/52 MP: 6/6
  1149 | D:4      | Noticed Pikel
  1150 | D:4      | Noticed a slave
  1151 | D:4      | Noticed a slave
  1151 | D:4      | Noticed a slave
  1151 | D:4      | Noticed a slave
  1165 | D:4      | Killed from afar by Pikel

Skill      XL: |  1  2  3 |
---------------+----------+-----
Axes           | 3 5 |  5.9
Fighting       | 4 |  4.3
Armour         | 4 |  4.3
Shields        | 4 |  4.3
Dodging        | |  0.5

Action                   |  1- 3 |  4- 6 || total
-------------------------+-------+-------++-------
Melee: War axe           |    80 |    34 ||   114
  Use: Scroll            |     1 |       ||     1
       Potion            |     1 |       ||     1
  Eat: Bread ration      |       |     1 ||     1
       Royal jelly       |       |     1 ||     1
Armor: Scale mail        |    30 |     7 ||    37
Dodge: Dodged            |    25 |     5 ||    30
Block: Shield            |    50 |    14 ||    64
